 Seeded DCSS version 0.27-a0-988-g25969acef8 (webtiles) character file.

Game seed: 20210416 (custom seed)

67 Snicker the Sneak (level 4, -8/33 HPs)
             Began as a Demonspawn Brigand on Apr 16, 2021.
             Mangled by a gnoll sergeant
             ... wielding a +0 trident
              (17 damage)
             ... on level 3 of the Dungeon.
             The game lasted 00:05:03 (2344 turns).

Snicker the Sneak (Demonspawn Brigand)              Turns: 2344, Time: 00:05:04

Health: -8/33      AC:  3    Str: 12    XL:     4   Next: 0%
Magic:  0/4        EV: 11    Int: 12    God:
Gold:   88         SH:  0    Dex: 15    Spells: 3/3 levels left

rFire    . . .     SeeInvis .   a - +3 dagger
rCold    . . .     Faith    .   (no shield)
rNeg     . . .     Spirit   +   b - +0 robe
rPois    .         Reflect  .   (no helmet)
rElec    .         Harm     .   c - +0 cloak
rCorr    .         Rampage  .   (no gloves)
Will     .....                  (no boots)
Stlth    +++.......             n - amulet of guardian spirit
HPRegen  0.11/turn              (no ring)
MPRegen  0.09/turn              (no ring)

@: no status effects
A: talons 2
a: no special abilities


You were on level 3 of the Dungeon.
You visited 1 branch of the dungeon, and saw 3 of its levels.

You collected 88 gold pieces.

Inventory:

Hand Weapons
 a - a +3 dagger (weapon)
 f - a +2 dagger
Missiles
 d - 22 poisoned darts (quivered)
Armour
 b - a +0 robe (worn)
 c - a +0 cloak (worn)
Jewellery
 n - an amulet of guardian spirit (around neck)
Scrolls
 j - 2 scrolls of enchant weapon {unknown}
 m - a scroll of magic mapping {unknown}
 o - a scroll of acquirement {unknown}
Potions
 g - a potion of flight {unknown}
 h - a potion of lignification {unknown}
 i - 2 potions of heal wounds {unknown}
 k - a potion of brilliance {unknown}
 l - a potion of attraction {unknown}


   Skills:
 + Level 2.1 Fighting
 * Level 2.3 Short Blades
 + Level 1.7 Throwing
 + Level 0.8 Dodging
 * Level 4.9 Stealth


You had 3 spell levels left.
You didn't know any spells.
Your spell library was empty.

Dungeon Overview and Level Annotations

Branches:
Dungeon (3/15)

Altars:

Shops:
D:2 [


Innate Abilities, Weirdness & Mutations

You have razor-sharp toenails.


Message History

You feel stronger.
o - a scroll labelled AFROTH REHIEJ
Found a stone staircase leading down.
A gnoll comes into view. It is wielding a +0 club.
The gnoll shouts!
You hear a shout!
A gnoll is nearby!
A gnoll sergeant comes into view. It is wielding a +0 trident.
A gnoll comes into view. It is wielding a +0 flail.
A gnoll comes into view. It is wielding a +0 spear.
A rat comes into view.
The gnoll shouts!
You hear a shout!
The gnoll hits you with a +0 club. The gnoll barely misses you.
The gnoll sergeant barely misses you.
Throw: 2 darts (curare)
Press: ? - help, Q - select action, (/) - cycle Shift-Dir - straight line, f - gnoll
Aim: a gnoll, wielding a +0 flail (63% to hit)
You throw a curare-tipped dart.
The gnoll sergeant blocks the curare-tipped dart.
Unknown command.
Throw: dart (curare)
Press: ? - help, Q - select action, (/) - cycle Shift-Dir - straight line, f/p - gnoll
Aim: a gnoll, wielding a +0 flail (63% to hit)
You throw a curare-tipped dart.
The curare-tipped dart hits the gnoll sergeant.
The gnoll sergeant is poisoned.
The gnoll sergeant convulses.
The gnoll sergeant seems to slow down.
The gnoll sergeant is moderately wounded.
The gnoll sergeant hits you from afar with a +0 trident.
Unknown command.
The gnoll sergeant hits you from afar with a +0 trident!
The gnoll sergeant hits you with a +0 trident.
* * * LOW HITPOINT WARNING * * *
You closely miss the gnoll sergeant. You claw the gnoll sergeant.
The gnoll sergeant is heavily wounded.
You hit the gnoll sergeant. Your kick misses the gnoll sergeant.
The gnoll sergeant is heavily wounded.
The gnoll sergeant hits you with a +0 trident!!
Ouch! That really hurt!
You die...

#.# #.# #.# ###
##.#######.# ..
#..........###
..
#..###........
#. #..#
#.####### #.
#..# #.#
#.######..###.#
#...@gggg.....#
########..#####
.#########..#
..........g.#
...>.rg.....#
.############


You could see a gnoll sergeant (poisoned, slow) and 3 gnolls.

Vanquished Creatures
  An adder (D:3)
  3 dart slugs
  5 ball pythons (D:1)
  3 bats
  8 endoplasms
  2 giant cockroaches
  2 goblins
  6 hobgoblins
  A quokka (D:2)
  3 frilled lizards (D:1)
  10 kobolds
  4 rats
48 creatures vanquished.

Notes
Turn   | Place    | Note
-------+----------+-------------------------------------------
     0 | D:1      | Snicker the Demonspawn Brigand began the quest for the Orb.
     0 | D:1      | Reached XP level 1. HP: 16/16 MP: 1/1
   214 | D:1      | Reached skill level 4 in Stealth
   387 | D:1      | Gained mutation: You have sharp toenails. [demonic
                  | ancestry]
   387 | D:1      | Reached XP level 2. HP: 22/22 MP: 2/2
   774 | D:1      | Found a faded altar of an unknown god.
   821 | D:1      | Gained mutation: You have razor-sharp toenails. [demonic
                  | ancestry]
   821 | D:1      | Reached XP level 3. HP: 27/27 MP: 3/3
  1919 | D:2      | Found Desux's Antique Armour Boutique.
  2289 | D:3      | Reached XP level 4. HP: 33/33 MP: 4/4
  2323 | D:3      | Noticed a gnoll sergeant
  2344 | D:3      | Mangled by a gnoll sergeant

Illustrated notes

Levels and vault maps discovered:
D:1:      elethiomel_arrival_infinity_welcomes_careful_drivers,
          layout_loops_ring, hellmonk_ecumenical_altar_zigzags, grunt_decor_cap
D:2:      layout_basic, serial_shops, shop, hangedman_decor_diamond_cutter,
          serial_park_tiny_1, corexii_hall_statues_x
D:3:      layout_loops_ring

Skill      XL: |  1  2 |
---------------+-------+-----
Stealth        | 4 |  4.9
Short Blades   | 2 |  2.3
Fighting       | |  2.1
Throwing       | |  1.7
Dodging        | |  0.8

Action                   |  1- 3 |  4- 6 || total
-------------------------+-------+-------++-------
Melee: Dagger            |    97 |     2 ||    99
       Kick              |    19 |     1 ||    20
Throw: Dart              |       |     2 ||     2
 Stab: Sleeping          |    19 |       ||    19
Armor: Robe              |    24 |       ||    24
Dodge: Dodged            |    45 |     2 ||    47

Table legend: (Time is in decaauts)
 A = Elapsed time spent in this place.
 B = Non-inter-level travel time spent in this place.
 C = Inter-level travel time spent in this place.
 D = Time resting spent in this place.
 E = Time spent auto-exploring this place.
 F = Levels seen in this place.
 G = Mean time per level.
                   A        B        C        D        E       F      G
               +--------+--------+--------+--------+--------+-----+--------+
         Total |   2333 |   2261 |     72 |      0 |   1878 |   3 |  777.7 |
       Dungeon |   2333 |   2261 |     72 |      0 |   1878 |   3 |  777.7 |
               +--------+--------+--------+--------+--------+-----+--------+

Top non-repeatable levels by time:
     D:1: 1324 daAuts
     D:2: 854 daAuts
     D:3: 155 daAuts
